 Dungeon Crawl Stone Soup version 0.22-a0-579-gb62a27e (webtiles) character file.

1911 Lianjan the Fighter (level 9, -8/97 HPs)
             Began as an Ogre Hunter on July 1, 2018.
             Was an Initiate of Dithmenos.
             Mangled by an ogre
             ... wielding a +0 giant club
              (23 damage)
             ... on level 6 of the Dungeon.
             The game lasted 00:13:35 (8266 turns).

Lianjan the Fighter (Ogre Hunter)                   Turns: 8266, Time: 00:13:36

Health: -8/97      AC:  4    Str: 18    XL:     9   Next: 16%
Magic:  9/9        EV: 12    Int: 12    God:    Dithmenos [......]
Gold:   210        SH:  0    Dex: 12    Spells: 8/8 levels left

rFire    + . .     SeeInvis .   t - +5 morningstar "Haorugh" {crush, *Slow rElec rF+ Stlth+}
rCold    . . .     Gourm    .   (no shield)
rNeg     . . .     Faith    .   e - +1 robe
rPois    .         Spirit   .   (helmet restricted)
rElec    +         Reflect  .   (no cloak)
rCorr    .         Harm     .   (gloves unavailable)
MR       .....                  (boots unavailable)
Stlth    ++++......             C - amulet of the acrobat
HPRegen  0.26/turn              z - ring of stealth
MPRegen  0.11/turn              x - ring of wizardry

@: no status effects
A: large, unfitting armour, tough skin 1
a: Renounce Religion


You were on level 6 of the Dungeon.
You worshipped Dithmenos.
Dithmenos was noncommittal.
You were very hungry.

You visited 1 branch of the dungeon, and saw 6 of its levels.
You also visited: Ossuary.

You collected 210 gold pieces.

Inventory:

Hand Weapons
 j - a +0 whip
 k - a +2 whip of electrocution
 n - a +0 blowgun
 t - the +5 morningstar "Haorugh" (weapon) {crush, *Slow rElec rF+ Stlth+}
   (You found it on level 5 of the Dungeon)

   It inflicts extra damage upon your enemies.
   It protects you from fire.
   It insulates you from electricity.
   It may slow you when you take damage.
   It makes you more stealthy.
Missiles
 c - 4 large rocks (quivered)
 d - 3 throwing nets
 h - 164 stones
 s - 8 poisoned needles
Armour
 b - a +0 robe
 e - a +1 robe (worn)
Jewellery
 u - an uncursed ring of poison resistance {unknown}
 x - a ring of wizardry (right hand)
 z - a ring of stealth (left hand)
 C - an amulet of the acrobat (around neck)
Scrolls
 g - 2 scrolls of immolation
 l - a scroll of amnesia
 m - 3 scrolls of identify
 q - 2 scrolls of fog
 r - 4 scrolls of remove curse
Potions
 a - a potion of heal wounds
 i - 3 potions of brilliance
 o - a potion of cancellation
 p - a potion of flight {unknown}
 v - a potion of degeneration
 w - a potion of resistance
 B - a potion of curing
Comestibles
 f - 7 rations


   Skills:
 + Level 8.4 Fighting
 * Level 7.6 Maces & Flails
 - Level 4.2 Throwing
 + Level 4.8 Dodging
 - Level 1.0 Stealth


You had 8 spell levels left.
You didn't know any spells.
Your spell library was empty.

Dungeon Overview and Level Annotations

Branches:
Dungeon (6/15)
 Temple: D:4-7

Altars:
Cheibriados
Dithmenos
Gozag
Kikubaaqudgha
Sif Muna
Trog
Wu Jian
Xom

Shops:
D:4 :[:[(

Annotations:
D:2 Crazy Yiuf


Innate Abilities, Weirdness & Mutations

You are too large for most types of armour.
You have tough skin. (AC +1)


Message History

You have reached level 9!
Your experience leads to an increase in your attributes!
Increase (S)trength, (I)ntelligence, or (D)exterity?
You feel agile.
You feel stronger.
With Pikel's spell broken, the former slaves thank you for their freedom.
The freed slave hits the ogre but does no damage.
The necrophage misses the freed slave.
The freed slave hits the ogre.
The freed slave completely misses the ogre.
Something hits the freed slave.
The freed slave looks less resilient!
The freed slave hits the ogre.
You aren't carrying any items that you can evoke.
You don't know any spells.
Throwing (i - inventory. (/) - cycle)
c - 5 large rocks (quivered)
Press: ? - help, Shift-Dir - straight line, f - ogre
Aim: an ogre, wielding a giant club (lightly wounded)
You throw a large rock. The large rock hits the ogre.
The ogre is lightly wounded.
The ogre hits you with a giant club!!
You die...

#... #...#
#...# #...#
#...#
#...########
#...pp......
#...Op......
#.<@#)n.....
#####......=
.......
.......
.......
.......
.......


You could see an ogre and 3 neutral freed slaves.

Vanquished Creatures
  Pikel (D:6)
  A kobold demonologist (D:5)
  A wraith (Ossuary)
  Duvessa (D:4)
  2 elf zombies (Ossuary)
  Dowan (D:4)
  2 scorpions
  A howler monkey (D:4)
  A bullfrog zombie (D:5)
  A bullfrog skeleton (D:4)
  2 orc priests (D:5)
  2 centaur skeletons
  3 orc wizards
  3 worker ants
  2 big kobold zombies (Ossuary)
  A hound zombie (D:5)
  A hound skeleton (D:4)
  3 mummies (Ossuary)
  A howler monkey zombie (D:5)
  5 adders
  A shadow imp (D:5)
  2 adder skeletons
  4 worms
  5 dart slugs
  5 leopard geckos
  18 orcs
  A ball python (D:3)
  4 giant cockroaches
  9 goblins
  5 hobgoblins
  10 jackals
  2 quokkas
  5 bats
  A frilled lizard (D:2)
  6 kobolds
  4 kobold zombies (Ossuary)
  A leopard gecko zombie (D:5)
  2 orc zombies (Ossuary)
  6 rats
126 creatures vanquished.

Vanquished Creatures (others)
  A dart slug (D:4)
1 creature vanquished.

Grand Total: 127 creatures vanquished

Notes
Turn   | Place    | Note
-------+----------+-------------------------------------------
     0 | D:1      | Lianjan the Ogre Hunter began the quest for the Orb.
     0 | D:1      | Reached XP level 1. HP: 22/22 MP: 1/1
    92 | D:1      | Reached skill level 1 in Stealth
   234 | D:1      | Reached skill level 3 in Fighting
   234 | D:1      | Reached XP level 2. HP: 31/31 MP: 2/2
  1004 | D:1      | Reached XP level 3. HP: 37/37 MP: 3/3
  1083 | D:1      | Reached skill level 1 in Maces & Flails
  1646 | D:2      | Reached XP level 4. HP: 20/48 MP: 4/4
  1964 | D:2      | Reached skill level 4 in Fighting
  1972 | D:2      | Found a snail-covered altar of Cheibriados.
  2182 | D:2      | Found a deep blue altar of Sif Muna.
  2446 | D:2      | Found an ancient bone altar of Kikubaaqudgha.
  2512 | D:2      | Found a runed door.
  2601 | D:2      | Found an ornate altar of the Wu Jian Council.
  2601 | D:2      | Found a bloodstained altar of Trog.
  2713 | D:2      | Noticed Crazy Yiuf
  2940 | D:3      | Reached XP level 5. HP: 54/55 MP: 5/5
  3679 | D:4      | Found Ypeduicaiff's Book Shoppe.
  3707 | D:4      | Found Xuurok's Antique Armour Shop.
  3728 | D:4      | Found Wogeghec's Antique Weapon Boutique.
  3766 | D:4      | Reached skill level 5 in Fighting
  3854 | D:4      | Reached XP level 6. HP: 39/66 MP: 6/6
  4137 | D:4      | Noticed Duvessa
  4138 | D:4      | Noticed Dowan
  4329 | D:4      | Killed Duvessa
  4653 | D:4      | Killed Dowan
  4653 | D:4      | Reached XP level 7. HP: 52/74 MP: 7/7
  4801 | D:4      | Found Puno's Armour Shop.
  4812 | D:4      | Found Gayghahi's Book Shop.
  4835 | D:4      | Reached skill level 6 in Fighting
  5027 | D:5      | Entered Level 5 of the Dungeon
  5044 | D:5      | Found a shadowy altar of Dithmenos.
  5046 | D:5      | Found a transporter.
  5046 | D:5      | Found a shimmering altar of Xom.
  5053 | D:5      | Reached skill level 5 in Maces & Flails
  5102 | D:5      | Found a sand-covered staircase.
  5133 | Ossuary  | Entered an ossuary
  5133 | Ossuary  | Noticed a wraith
  5133 | Ossuary  | Noticed a wraith
  5133 | Ossuary  | Noticed a wraith
  5925 | Ossuary  | Noticed a wraith
  5940 | Ossuary  | Killed a wraith
  5940 | Ossuary  | Reached XP level 8. HP: 8/84 MP: 8/8
  6556 | D:5      | Found a transporter.
  6573 | D:5      | Found a transporter.
  6645 | D:5      | Reached skill level 7 in Fighting
  6682 | D:5      | Became a worshipper of Dithmenos the Shadowed
  6749 | D:5      | Found an opulent altar of Gozag.
  6839 | D:5      | Found a transporter.
  6890 | D:5      | Noticed a kobold demonologist
  6917 | D:5      | Noticed a red devil
  7070 | D:5      | Noticed a ynoxinul
  7094 | D:5      | Killed a kobold demonologist
  7267 | D:5      | Got a scorched morningstar
  7268 | D:5      | Identified the +5 morningstar "Haorugh" {crush, *Slow rElec rF+ Stlth+} (You found it on level 5 of the Dungeon)
  8256 | D:6      | Noticed Pikel
  8264 | D:6      | Killed Pikel
  8264 | D:6      | Reached skill level 8 in Fighting
  8264 | D:6      | Reached XP level 9. HP: 14/97 MP: 9/9
  8266 | D:6      | Mangled by an ogre

Vault maps used:
D:1:      nagdon_arrival_zigzag_paths, minmay_misc_feat_iff, nrook_uturn
D:2:      lemuel_round_altar, gammafunk_temple_overflow_elements,
          marbit_many_paths, lemuel_coloured_pillars_altar, serial_bayou,
          serial_bayou_crossing, serial_bayou_pond_d, serial_bayou_lagoon_a,
          serial_bayou_pond_e, serial_bayou_pond_c, uniq_crazy_yiuf_cottage
D:4:      serial_shops, shop, nicolae_shop_trees, shop,
          nicolae_shop_behind_doors, shop, first_ration, uniq_duvessa
D:5:      gammafunk_wand_slinger, gammafunk_temple_overflow_arena,
          nicolae_overflow_crystal_walls, enter_ossuary_5
D:6:      grunt_temple_overflow_holy_war, kennysheep_little_box, uniq_pikel,
          uniq_sigmund
Ossuary:  ossuary_kennysheep_city_of_the_dead

Skill      XL: |  1  2  3  4  5  6  7  8 |
---------------+-------------------------+-----
Stealth        | 1 |  1.0
Fighting       | 3 4 5 6 8 |  8.4
Maces & Flails | 1 2 3 4 5 7 |  7.6
Dodging        | 2 3 4 |  4.8
Throwing       | |  4.2

Action                   |  1- 3 |  4- 6 |  7- 9 || total
-------------------------+-------+-------+-------++-------
Melee: Short sword       |    58 |       |       ||    58
       Whip              |   103 |   141 |   167 ||   411
       Morningstar       |       |       |    37 ||    37
Throw: Stone             |     9 |       |       ||     9
       Large rock        |       |     1 |     1 ||     2
Evoke: Wand              |       |       |    28 ||    28
  Use: Scroll            |       |       |    18 ||    18
       Potion            |       |       |     1 ||     1
 Stab: Sleeping          |       |     2 |     1 ||     3
  Eat: Chunk             |     2 |     9 |     8 ||    19
       Ration            |       |       |     1 ||     1
Armor: Robe              |    71 |    26 |    40 ||   137
       Skin              |       |       |    21 ||    21
Dodge: Dodged            |   116 |    66 |    89 ||   271

Table legend:
 A = Spawn XP
 B = Non-spawn XP
 C = Spawn XP percentage of total XP
 D = Spawn monster count
 E = Non-spawn monster count
 F = Spawn count percentage of total count
 G = Total turns spent on level
                    A         B        C        D         E        F      G
               +---------+---------+-------+---------+---------+-------+---------
         Total |       0 |    2730 |   0.0 |       0 |     125 |   0.0 |  8266
               +---------+---------+-------+---------+---------+-------+---------
           D:1 |       0 |      42 |   0.0 |       0 |      19 |   0.0 |  1232
           D:2 |       0 |      86 |   0.0 |       0 |      28 |   0.0 |  1516
           D:3 |       0 |     103 |   0.0 |       0 |      19 |   0.0 |  1400
           D:4 |       0 |     546 |   0.0 |       0 |      18 |   0.0 |   879
           D:5 |       0 |     792 |   0.0 |       0 |      27 |   0.0 |  1871
           D:6 |       0 |     663 |   0.0 |       0 |       1 |   0.0 |    12
       Ossuary |       0 |     498 |   0.0 |       0 |      13 |   0.0 |  1356
               +---------+---------+-------+---------+---------+-------+---------
